[Event "Croatian 1B League 2022"]
[Site "Porec"]
[Date "2022.09.25"]
[Round "2.12"]
[White "Novak, Ivan"]
[Black "Novosel, Lovro"]
[Result "1/2-1/2"]
[ECO "E06"]
[WhiteElo "2247"]
[BlackElo "2274"]
[Annotator "TA"]
[PlyCount "145"]
[EventDate "2022.09.24"]
[EventType "team-tourn"]
[EventCountry "CRO"]
[SourceTitle "playchess.com"]
[Source "ChessBase"]
[SourceQuality "1"]
[TimeControl "40/5400+30:1800+30"]

1. d4 d5 2. Nf3 e6 3. g3 Nf6 4. Bg2 Be7 5. O-O O-O 6. Nbd2 c6 7. c4 b6 8. Ne5 {[%emt 0:07:48] E06: Closed Catalan: Early deviations.} Nfd7 9. Nxd7 Nxd7 10. e4 {White has an edge.} Bb7 11. Qb3 Nf6 {[%emt 0:06:54] [#]} 12. Rd1 $146 ({Predecessor:} 12. cxd5 cxd5 13. e5 Nd7 14. Nf3 a5 15. a4 Ba6 16. Re1 Rc8 17. Bd2 Rc4 18. Bf1 {0-1 (92) Karpov,A (2054)-Turbin,V (2041) Novokuznetsk 2015}) 12... Qc7 13. cxd5 cxd5 14. e5 Nd7 15. Bf1 Rfc8 16. Bd3 Nb8 17. Nf3 a5 18. a4 Nc6 19. Bd2 Nb4 20. Rac1 Qd7 21. Bb5 Bc6 22. Bxc6 Rxc6 23. Rxc6 Qxc6 24. Rc1 Qd7 25. Qc3 Qxa4 26. Qc7 Re8 27. Qb7 h6 28. Rc7 Kf8 29. Qxb6 Nd3 30. Ra7 {[%emt 0:00:00] Active counter play!} (30. b3 $14 Qa1+ 31. Kg2) 30... Qd1+ $15 31. Kg2 Qe2 32. Be3 Nxb2 33. Qxa5 Nc4 34. Qc3 Rb8 {[%emt 0:01:18] Inhibits Qb3.} 35. Bc1 (35. Ng1 $15 Qd1 36. Bc1) 35... Qe4 (35... g5 $1 $17 {Hoping for ...Rb1.} 36. Nd2 Rb2 $1 37. Bxb2 Nxd2 38. Ra8+ Kg7) 36. Ra2 (36. Qa1 $5 g5 37. Ra8 (37. Rxe7 Rb3 $11) 37... Rxa8 38. Qxa8+ Kg7 39. h3 $15) 36... Rc8 37. h4 g5 {[%emt 0:00:00] White must now prevent ...g4.} 38. hxg5 hxg5 39. Qe1 $1 Qf5 40. Nd2 (40. Qh1 $11 {keeps the balance.} Kg7 41. Ra7) 40... g4 (40... Kg7 $1 $17 41. Nxc4 Rxc4) 41. Nxc4 $11 dxc4 42. Qe3 Kg7 {[%emt 0:06:45] ...Qh7 is the strong threat.} 43. Ra7 Bf8 44. Qh6+ Kg8 45. Qf4 Qg6 46. Qg5 Kg7 47. f3 Qxg5 48. Bxg5 {[%emt 0:00:00][%mdl 4096] Endgame KRB-KRB} Kg6 49. Bc1 Bb4 50. fxg4 Bc3 51. Rd7 Ba1 52. Kf3 Rb8 53. Rc7 c3 54. Ke2 Rb1 55. Bf4 Bb2 56. Kd3 Rd1+ 57. Ke4 Kg7 58. Rc8 Ba1 59. Bg5 {[%emt 0:00:00] Threatening mate with Bf6+.} Re1+ 60. Kf3 {[%emt 0:00:00] Intending Bf6+ and mate.} Rf1+ 61. Kg2 Rd1 $2 (61... Rb1 $1 $11) 62. Bf6+ $1 $18 Kh7 (62... Kh6 $18 63. Rh8+ Kg6 64. Rg8+ Kh7 65. Rg7+ Kh6 66. g5+ Kh5) 63. Rh8+ (63. g5 $142 c2 64. g4 (64. Rxc2 Kg6 $11) 64... Rg1+ 65. Kxg1 c1=Q+ 66. Rxc1 Bb2 67. Rc8 Kg6 68. Rg8+ Kh7 69. Rh8+ Kg6 70. Rh6#) 63... Kg6 64. Rg8+ Kh6 (64... Kh7 $18 65. Rg7+ Kh6 66. g5+ Kh5) 65. Rh8+ Kg6 66. Rg8+ Kh6 $1 {[%emt 0:00:02] [#]} 67. Kf3 $2 (67. g5+ $1 {mates} Kh5 68. g6 Rg1+ 69. Kxg1 c2 70. g4+ Kh6 {[#]} 71. Bg5+ $1 Kxg5 72. gxf7+ Kh4 73. Rc8) 67... Rd3+ $11 {[%emt 0:01:13] The position is equal.} (67... Rxd4 {is a self mate.} 68. g5+ Kh5 69. g4+ Rxg4 70. Rh8+ Kg6 71. Kxg4 c2 72. Rh6#) 68. Ke4 Rxd4+ $1 {[%emt 0:00:32][%mdl 64] Decoy} 69. Kxd4 c2+ 70. Ke4 c1=Q 71. Rh8+ Kg6 72. Rg8+ Kh7 (72... Kh6 $5 73. Rh8+ $8 Kg6 74. Rg8+ Kh7 75. Rh8+ Kg6 $11) 73. Rh8+ {[%emt 0:00:02] Weighted Error Value: White=0.12 (very precise) /Black=0.12 (very precise)} 1/2-1/2

[Event "Croatian 1B League 2022"]
[Site "Porec"]
[Date "2022.09.26"]
[Round "3.1"]
[White "Movsesian, Sergei"]
[Black "Dobrovoljc, Vid"]
[Result "1-0"]
[ECO "B30"]
[WhiteElo "2619"]
[BlackElo "2402"]
[Annotator "TA"]
[PlyCount "91"]
[EventDate "2022.09.24"]
[EventType "team-tourn"]
[EventCountry "CRO"]
[SourceTitle "playchess.com"]
[Source "ChessBase"]
[SourceQuality "1"]
[TimeControl "40/5400+30:1800+30"]

1. e4 {[%emt 0:00:04] Gormally,D} c5 2. Nf3 Nc6 3. Bb5 e6 4. O-O Nge7 5. d4 cxd4 6. Nxd4 Ng6 {[%emt 0:00:27] B30: Sicilian: 2...Nc6 3 Bb5, lines without ...g6.} 7. Be3 Be7 8. Nc3 O-O {[%emt 0:07:50] White has an edge.} 9. a4 $5 {[%emt 0:02:35][%mdl 4] A promising side line.} Qc7 10. Be2 a6 11. Nb3 {[%emt 0:06:23] [#]} Bb4 $146 {[%emt 0:18:20][%cal Od7d5] Inhibits a5.} ({Predecessor:} 11... b6 12. f4 Bb7 13. Qd2 Rad8 14. Bd3 d5 15. exd5 exd5 16. f5 Nge5 17. f6 Bxf6 18. Rxf6 {½-½ (33) Vachier Lagrave,M (2754)-Gelfand,B (2744) Khanty-Mansiysk 2015 CBM 167 [Gormally,D]}) 12. f4 Na5 13. Qd4 $36 {[%emt 0:05:34][%mdl 2048] Black is under strong pressure.} Be7 14. Nxa5 Qxa5 15. Rad1 d6 16. Qb6 Qxb6 17. Bxb6 f5 (17... Re8 $1 $14) 18. g3 $16 fxe4 19. Nxe4 d5 20. Nc5 Bf6 21. c3 {[%emt 0:04:13] White is much more active.} Ne7 22. Bg4 e5 23. Be6+ Bxe6 24. Nxe6 Rf7 {[%emt 0:00:46] [#]} 25. Nd8 $1 Rf8 26. fxe5 (26. Nxb7 Rfb8 27. fxe5 Bxe5 $17) 26... Bxe5 27. Rxf8+ ({Stronger than} 27. Nxb7 Rfb8 28. Nc5 Rxb6 $17) 27... Kxf8 28. Nxb7 Kf7 29. a5 h5 30. Re1 Bf6 31. Nd8+ Kg8 32. Ne6 {[%emt 0:00:28] Inhibits d4.} Rc8 33. Rd1 Be5 34. Bc5 {[%emt 0:06:07] Against Bd6} Rc6 (34... Nc6 $142 35. Rxd5 Re8) 35. Bxe7 $18 Rxe6 {[%emt 0:00:04][%mdl 4096] Endgame KRB-KRB} 36. Bc5 h4 37. gxh4 Bc7 38. b4 ({Resist} 38. Rxd5 Bxa5 39. b4 Bb6 $18) 38... Be5 39. Rd3 ({Don't do} 39. Rxd5 Bxc3 40. h5 Kf7 41. Rd7+ Kf6 $18) 39... Rg6+ 40. Kf1 Rg4 $2 {[%emt 0:00:00] [#]} (40... Kf7 41. Rxd5 Bxc3 42. Rd7+ Ke8) 41. b5 {[%emt 0:03:24] White is clearly winning.} Rf4+ 42. Ke2 axb5 43. a6 Ra4 44. Rxd5 Bxc3 45. Rd8+ Kh7 46. a7 {[%emt 0:00:27] Weighted Error Value: White=0.07 (flawless) /Black=0.20 (precise)} 1-0

[Event "Croatian 1B League 2022"]
[Site "Porec"]
[Date "2022.09.26"]
[Round "3.2"]
[White "Drnovsek, Gal"]
[Black "Jovanovic, Zoran"]
[Result "1/2-1/2"]
[ECO "E62"]
[WhiteElo "2393"]
[BlackElo "2519"]
[Annotator "TA"]
[PlyCount "61"]
[EventDate "2022.09.24"]
[EventType "team-tourn"]
[EventCountry "CRO"]
[SourceTitle "playchess.com"]
[Source "ChessBase"]
[SourceQuality "1"]
[TimeControl "40/5400+30:1800+30"]

1. d4 d6 2. Nf3 Nf6 3. g3 g6 4. Bg2 Bg7 5. O-O O-O 6. c4 Nc6 7. Nc3 e5 8. dxe5 Nxe5 9. Nxe5 dxe5 10. Qxd8 Rxd8 11. Bg5 Rd7 {[%emt 0:00:04] E62: King's Indian: Fianchetto: 6...c6 and Panno Variation (6...Nc6) without ...a6.} 12. Rac1 {[%emt 0:19:23] 12.Rfd1 gains popularity.} c6 {[%emt 0:15:01] [#]} 13. b4 $146 ({Predecessor:} 13. b3 h6 14. Bxf6 Bxf6 15. Ne4 Be7 16. Rcd1 f5 17. Rxd7 Bxd7 18. Nd2 Rd8 19. Nf3 {½-½ (26) Hoffmann,S-Oberlaender,O Wuerttemberg 1995}) 13... h6 {[%emt 0:08:24] White has an edge.} 14. Bxf6 Bxf6 15. b5 cxb5 16. cxb5 Bd8 17. Nd5 Rb8 18. a4 Rd6 19. Rfd1 {[%emt 0:03:47][%cal Od5f6] [#] Hoping for Nf6+!} Kf8 20. Ne3 Rxd1+ 21. Rxd1 Be7 22. Rc1 Be6 23. Bd5 {[%emt 0:05:11] Strongly threatening Bxe6.} Rc8 24. Rxc8+ Bxc8 $11 {[%emt 0:00:02][%mdl 4096] Endgame KBB-KBN} 25. Nc4 f6 26. b6 Bc5 {[%emt 0:03:17] [#]} 27. Nd6 $1 {[%emt 0:02:44] Black must now prevent bxa7.} Bd7 (27... Bg4 28. a5) 28. bxa7 (28. a5 $5 axb6 29. Nxb7 $14) 28... Bxa7 {[%emt 0:00:02] The position is equal.} 29. Nb5 Bxb5 30. axb5 b6 31. Kg2 {[%emt 0:00:13] A rather calm draw.  Weighted Error Value: White=0.05 (flawless) /Black=0.03 (flawless)} 1/2-1/2

[Event "Croatian 1B League 2022"]
[Site "Porec"]
[Date "2022.09.26"]
[Round "3.3"]
[White "Bukal, Vladimir Jr."]
[Black "Golubovic, Boris"]
[Result "1-0"]
[ECO "A14"]
[WhiteElo "2411"]
[BlackElo "2360"]
[Annotator "TA"]
[PlyCount "85"]
[EventDate "2022.09.24"]
[EventType "team-tourn"]
[EventCountry "CRO"]
[SourceTitle "playchess.com"]
[Source "ChessBase"]
[SourceQuality "1"]
[TimeControl "40/5400+30:1800+30"]

1. Nf3 d5 2. g3 Nf6 3. Bg2 e6 4. c4 Be7 5. O-O O-O 6. b3 c5 7. Bb2 Nc6 8. e3 b6 9. Nc3 Ba6 10. Qe2 {[%emt 0:04:11] A14: English Opening: 1...e6 with b3 by White.} Rc8 11. Rfd1 e5 12. d3 {[%emt 0:24:07] And now cxd5 would win. The position is equal.} d4 13. Nd5 Bd6 {[%emt 0:13:53] [#]} ({Much less strong is} 13... Nxd5 14. cxd5 e4 15. dxc6 $16) 14. e4 $146 ({Predecessor:} 14. Bh3 Nxd5 15. cxd5 Ne7 16. e4 Rc7 17. Nd2 f5 18. Nf3 h6 19. Nh4 fxe4 20. Be6+ {0-1 (60) Pantsulaia,L (2588)-Kotanjian,T (2522) Dubai 2010}) 14... Re8 15. Bc1 Nxd5 (15... Ra8 $14 {should be considered.}) 16. exd5 $16 Nb8 17. h4 (17. Ng5 $16 {Qh5 is the strong threat.} h6 18. Ne4) 17... Rc7 18. Bh3 Bc8 19. Bxc8 Qxc8 20. Ng5 Bf8 (20... f5 $11 {deserves consideration.}) 21. g4 (21. Qe4 $5 f5 22. Qf3 $14) 21... Be7 (21... h6 $11 22. Ne4 f5 23. gxf5 Qxf5) 22. Ne4 $36 {[%emt 0:01:01][%mdl 2048] Hoping for d6. White has some pressure.} Qd8 {[%emt 0:01:08] Inhibits d6.} ({Black should play} 22... f5 $14 23. gxf5 Qxf5) 23. h5 Rf8 (23... f6 $16 24. h6 g6) 24. Kg2 h6 25. Rh1 f6 26. Bd2 Bd6 27. Qf3 {[%emt 0:00:37] White is much more active.} Qd7 28. Rh3 Rb7 29. Qf5 Qxf5 30. gxf5 Rd8 31. Rg3 {[%emt 0:00:13][%csl LRf6,LRh6] Black must now prevent Kf3.} Kf7 $2 (31... Kh8 32. Rg6 (32. Nxd6 Rxd6 33. f4 Rf7 $16) 32... Bf8) 32. f4 exf4 33. Nxd6+ {[%emt 0:01:14][%mdl 64] [#] Remove Defender} Rxd6 34. Bxf4 Rdd7 35. Re1 Na6 36. Bd2 b5 37. Re6 Nb8 (37... bxc4 $142 38. dxc4 (38. Rxa6 c3 $16) 38... Nb4) 38. Bf4 bxc4 39. dxc4 a5 {[%emt 0:00:13] [#]} (39... Rd8 $142 40. Kf3 a5) 40. Rc6 $1 $18 Re7 (40... Nxc6 $2 41. dxc6 Re7 42. cxb7 $18) (40... Rd8 41. Rxc5) 41. Bxb8 Rxb8 42. Rxc5 a4 (42... Re2+ $2 43. Kh3 $18) 43. d6 {[%emt 0:01:34] Weighted Error Value: White=0.16 (very precise) /Black=0.36} 1-0

[Event "Croatian 1B League 2022"]
[Site "Porec"]
[Date "2022.09.26"]
[Round "3.4"]
[White "Petrov, Jole"]
[Black "Blazeka, Matej"]
[Result "1-0"]
[ECO "E04"]
[WhiteElo "2370"]
[BlackElo "2331"]
[Annotator "TA"]
[PlyCount "35"]
[EventDate "2022.09.24"]
[EventType "team-tourn"]
[EventCountry "CRO"]
[SourceTitle "playchess.com"]
[Source "ChessBase"]
[SourceQuality "1"]
[TimeControl "40/5400+30:1800+30"]

1. d4 d5 2. Nf3 Nf6 3. c4 c6 4. g3 e6 5. Bg2 Nbd7 6. O-O dxc4 7. a4 Nd5 {[%emt 0:01:57] E04: Open Catalan: 5 Nf3.} 8. e4 Nb4 9. Na3 {[%emt 0:04:06][%cal Bb1a3,Ba3b5,Bb5c3][%mdl 32] [#]} b5 $146 (9... Be7 $14) ({Predecessor:} 9... a5 10. Bg5 Be7 11. Bxe7 Qxe7 12. Nxc4 O-O 13. Re1 Nf6 14. Qd2 Rd8 15. Qc3 Qc7 {1-0 (33) Hnydiuk,A (2423)-Gelbenegger,P (2267) Zadar 2019}) 10. axb5 $18 cxb5 11. Nxb5 {[%emt 0:00:08] [#] Threatens to win with Bf4.} Qb6 12. Qa4 ({White should try} 12. Na3 $18) 12... Ba6 $2 (12... Rb8 $16 {was called for.}) 13. Nc3 Rd8 14. Bg5 f6 $2 {[%emt 0:02:02] [#]} (14... Be7 15. Bxe7 Kxe7) 15. Be3 {[%emt 0:00:36] White is clearly winning.} Qb8 16. Bh3 Kf7 17. d5 Nc5 18. Qa5 {[%emt 0:10:37] Weighted Error Value: White=0.13 (very precise) /Black=0.82} 1-0

[Event "Croatian 1B League 2022"]
[Site "Porec"]
[Date "2022.09.26"]
[Round "3.5"]
[White "Vujakovic, Branko"]
[Black "Zelenika, Srdjan"]
[Result "1-0"]
[ECO "B33"]
[WhiteElo "2286"]
[BlackElo "2207"]
[Annotator "TA"]
[PlyCount "105"]
[EventDate "2022.09.24"]
[EventType "team-tourn"]
[EventCountry "CRO"]
[SourceTitle "playchess.com"]
[Source "ChessBase"]
[SourceQuality "1"]
[TimeControl "40/5400+30:1800+30"]

1. e4 c5 2. Nf3 Nc6 3. d4 cxd4 4. Nxd4 Nf6 5. Nc3 e5 6. Ndb5 d6 7. Bg5 a6 8. Na3 b5 9. Nd5 Be7 10. Bxf6 Bxf6 11. c3 O-O 12. Nc2 Bg5 13. a4 bxa4 14. Rxa4 a5 15. Bc4 Rb8 16. b3 Kh8 17. O-O f5 18. exf5 Bxf5 19. Nce3 Be6 20. Ra2 {[%emt 0:05:40] B33: Sicilian: Pelikan and Sveshnikov Variations.} Qd7 21. Qd3 Bf7 22. Rd1 {[%emt 0:21:46] White is slightly better.} Bh5 23. Re1 {[%emt 0:01:17] [#]} Bg6 $146 ({Predecessor:} 23... Bh4 24. Nf1 Qf7 25. g3 Be7 26. Nf4 Qe8 27. Nxh5 Qxh5 28. Bd5 Qe8 29. Qa6 Nd8 {1-0 (48) Roberts,A (2319)-Fetisov,I (1471) LSS email 2009}) 24. Qe2 e4 25. Bb5 Qb7 26. Bxc6 Qxc6 27. Qc4 Qxc4 28. bxc4 Bd8 29. h3 Kg8 30. Rd1 Rb3 31. Nc2 {[%emt 0:02:55] Black should prevent Nd4.} Re8 (31... Bf7 $11) 32. Nd4 $14 Rb7 33. Nc6 {[%emt 0:01:09] Pair of Knights!} Bf7 34. Nxd8 {[%emt 0:02:54] White has more active pieces.} Rxd8 35. Rxa5 Rc8 36. Ne3 Bxc4 37. Rxd6 Bd3 38. Ra3 Rf7 39. Rd4 Rfc7 40. Nd5 Rb7 41. Nb4 Bc4 42. Rxe4 Bf7 43. Re3 Rd7 44. Kh2 h6 45. Kg3 g5 46. Nc2 Rc5 47. Nd4 Rdc7 48. f4 gxf4+ 49. Kxf4 Bg6 (49... h5 $16 {might work better.} 50. g4 Kh7) 50. g4 $18 Rf7+ 51. Kg3 {[%emt 0:00:08] White has a decisive advantage.} Rc8 52. Kh4 Kh7 53. Ra6 {[%emt 0:01:06] Weighted Error Value: White=0.07 (flawless) /Black=0.14 (very precise)} 1-0

[Event "Croatian 1B League 2022"]
[Site "Porec"]
[Date "2022.09.26"]
[Round "3.6"]
[White "Cubric, Andrija"]
[Black "Pecnik, Leo"]
[Result "0-1"]
[ECO "C41"]
[WhiteElo "1830"]
[BlackElo "2317"]
[Annotator "ChessBase"]
[PlyCount "68"]
[EventDate "2022.09.24"]
[EventType "team-tourn"]
[EventCountry "CRO"]
[SourceTitle "playchess.com"]
[Source "ChessBase"]
[SourceQuality "1"]
[TimeControl "40/5400+30:1800+30"]

1. d4 d6 2. e4 Nf6 3. Nc3 e5 4. Nf3 Nbd7 5. Bc4 Be7 6. O-O O-O 7. Re1 c6 8. a4 h6 9. h3 Nh7 10. Qe2 Ng5 11. Nxg5 Bxg5 12. dxe5 dxe5 13. Be3 a5 14. Rad1 Qe7 15. Qd2 Nc5 16. Bxg5 Qxg5 17. Qxg5 hxg5 18. f3 Be6 19. Bxe6 Nxe6 20. Ne2 Rfd8 21. Kf2 Kf8 22. Ke3 Ke7 23. b3 f6 24. Rxd8 Rxd8 25. Rb1 Rd7 26. Rf1 Nf4 27. Nxf4 gxf4+ 28. Ke2 Kf7 29. Rc1 Kg6 30. Rh1 Kh5 31. h4 b5 32. axb5 cxb5 33. Rd1 Rc7 34. Rc1 b4 0-1

[Event "Croatian 1B League 2022"]
[Site "Porec"]
[Date "2022.09.26"]
[Round "3.7"]
[White "Dragnev, Valentin"]
[Black "Doric, Darko"]
[Result "1/2-1/2"]
[ECO "D27"]
[WhiteElo "2544"]
[BlackElo "2457"]
[Annotator "TA"]
[PlyCount "84"]
[EventDate "2022.09.24"]
[EventType "team-tourn"]
[EventCountry "CRO"]
[SourceTitle "playchess.com"]
[Source "ChessBase"]
[SourceQuality "1"]
[TimeControl "40/5400+30:1800+30"]

1. d4 {[%emt 0:00:57] ChessBase II} d5 2. c4 dxc4 3. Nf3 Nf6 4. e3 e6 5. Bxc4 c5 6. O-O a6 7. b3 cxd4 8. Nxd4 Bd7 9. Nd2 Nc6 10. N2f3 Be7 11. Bb2 O-O {[%emt 0:00:21] D27: Queen's Gambit Accepted: Classical main line: 7 e4!? and 7 a4.} 12. Qe2 Qa5 13. Nxc6 Bxc6 14. Ne5 {[%emt 0:00:10] [#]} Bb5 $146 ({Predecessor:} 14... Rac8 15. Rac1 Ba3 16. Nxc6 Rxc6 17. Bxf6 gxf6 18. Rcd1 Rd8 19. Rxd8+ Qxd8 20. Qf3 Qe7 {0-1 (33) Balla,T (2375)-Foisor,O (2391) Baile Herculane 2010 EXT 2021 [ChessBase II]}) 15. a4 (15. Qf3 $5 ) 15... Bxc4 16. Nxc4 Qf5 17. Bxf6 gxf6 18. Rac1 Rad8 19. Rc3 Kh8 {[%emt 0:00:51] The position is equal.} 20. Rfc1 Bb4 21. e4 Qg5 22. R3c2 Rd4 23. Rd1 Rfd8 24. Rxd4 Rxd4 25. g3 Kg7 26. Qf3 b5 27. axb5 axb5 28. Nb2 f5 29. exf5 Qxf5 30. Qxf5 exf5 $11 {[%emt 0:00:23][%mdl 4096] Endgame KRB-KRN} 31. Kf1 Ba3 32. Ke2 Rb4 33. Nd3 Rxb3 34. Rc7 Bb2 35. Rc5 f4 36. gxf4 Bc3 37. Rc7 b4 38. Ne5 Bxe5 39. fxe5 {[%emt 0:00:03] Black must now prevent e6.} Kg6 40. Rb7 Rh3 41. Rxb4 Kf5 42. Rb7 Kxe5 {[%emt 0:00:11] A balanced but interesting game.  Weighted Error Value: White=0.03 (flawless) /Black=0.04 (flawless)} 1/2-1/2

[Event "Croatian 1B League 2022"]
[Site "Porec"]
[Date "2022.09.26"]
[Round "3.8"]
[White "Maksimovic, Bojan"]
[Black "Shengelia, David"]
[Result "1-0"]
[ECO "B27"]
[WhiteElo "2468"]
[BlackElo "2451"]
[Annotator "TA"]
[PlyCount "93"]
[EventDate "2022.09.24"]
[EventType "team-tourn"]
[EventCountry "CRO"]
[SourceTitle "playchess.com"]
[Source "ChessBase"]
[SourceQuality "1"]
[TimeControl "40/5400+30:1800+30"]

1. e4 c6 2. Nf3 d5 3. d3 g6 4. e5 Bg7 5. d4 Bg4 6. Nbd2 c5 7. c3 cxd4 8. cxd4 Nc6 {[%emt 0:00:52] 8...Nc6 was played by the boomers. B27: Sicilian: 2 Nf3, unusual Black 2nd moves.} 9. h3 Bf5 10. Bb5 Qb6 {[%emt 0:06:03] White has an edge.} 11. Qb3 e6 12. Bxc6+ Qxc6 13. O-O $1 {[%emt 0:00:11] [#]} Ne7 $146 ({Predecessor:} 13... Bc2 14. Qe3 Ne7 15. Nb1 Nf5 16. Qe2 Be4 17. Be3 Bxf3 18. Qxf3 O-O 19. g4 Nxe3 20. Qxe3 f6 21. exf6 Rxf6 {0-1 (62) Silva,P (2209)-Veiga,J (2358) Gaia 2021}) 14. Qa3 Be4 (14... Bf8 $11) 15. Re1 ({White should play} 15. Nxe4 $16 dxe4 16. Bg5) 15... Nf5 (15... Bc2 $11 {remains equal.}) 16. g4 $16 Bf8 17. Qc3 (17. b4 $16) 17... Qxc3 $11 18. bxc3 Bxf3 19. gxf5 (19. Nxf3 $5 Ne7 20. Bg5 $11) 19... Bh5 20. f6 Rc8 21. Rb1 b6 22. Rb3 g5 23. Ba3 Kd7 24. Bxf8 Rhxf8 25. a4 Rc6 26. Kg2 Rfc8 27. Rc1 Be2 28. Kg3 h6 29. f3 Bd3 30. Kg4 Bf5+ 31. Kg3 h5 32. h4 $1 gxh4+ 33. Kxh4 Rg8 34. a5 $1 Rg2 35. axb6 Rxb6 {[%emt 0:01:07] [#]} (35... Rxd2 36. b7 Rc8 37. bxc8=R Kxc8 38. Ra1 Rh2+ 39. Kg3 Rh3+ 40. Kf4 Rh4+ 41. Kg5 $18) (35... axb6 $11 {and Black has nothing to worry.} 36. Nf1 Bd3) 36. Ra1 $1 $18 Rh2+ (36... Kc6 37. Rxa7) 37. Kg5 $2 ({White has to play} 37. Kg3 $18 Rxd2 38. Rxa7+ Kc6 39. Rxb6+ Kxb6 40. Rxf7) 37... Rxd2 $2 ({Don't do} 37... Rg2+ 38. Kh4 Bg6 39. Rxa7+ Kc6 40. Rxb6+ Kxb6 41. Ra2 $14) (37... Kc6 $11 38. Rxa7 Bg6 39. Rxb6+ Kxb6) 38. Rxa7+ Kc6 39. Rxb6+ Kxb6 40. Rxf7 {[%emt 0:00:00][%mdl 4096] Endgame KRB-KR} Rg2+ 41. Kh4 $1 Rh2+ {[%emt 0:11:28] [#]} 42. Kg3 $1 Rh1 43. Re7 h4+ 44. Kg2 Ra1 {[%emt 0:01:45] [#]} 45. f7 $1 h3+ 46. Kg3 Rg1+ 47. Kf4 {[%emt 0:00:18] Weighted Error Value: White=0.15 (very precise) /Black=0.37} 1-0

[Event "Croatian 1B League 2022"]
[Site "Porec"]
[Date "2022.09.26"]
[Round "3.9"]
[White "Sertic, Rudolf"]
[Black "Cabarkapa, Novak"]
[Result "0-1"]
[ECO "D00"]
[WhiteElo "2357"]
[BlackElo "2433"]
[Annotator "TA"]
[PlyCount "22"]
[EventDate "2022.09.24"]
[EventType "team-tourn"]
[EventCountry "CRO"]
[SourceTitle "playchess.com"]
[Source "ChessBase"]
[SourceQuality "1"]
[TimeControl "40/5400+30:1800+30"]

1. d4 Nf6 2. Nf3 g6 3. Nc3 d5 4. Bf4 Bg7 5. e3 O-O 6. h4 {[%emt 0:00:07] D00: 1 d4 d5: Unusual lines.} c5 7. Qd2 Nc6 8. O-O-O {[%emt 0:07:58] [#]} Bf5 $146 (8... cxd4 $142 9. exd4 Bf5) ({Predecessor:} 8... cxd4 9. exd4 Bf5 10. Bd3 Bxd3 11. Qxd3 Rc8 12. h5 Qb6 13. hxg6 fxg6 14. Ng5 h6 {0-1 (24) Faldon,D (1960)-Franklin,S (2306) London 2013}) 9. Ne5 (9. dxc5 $11 Ne4 10. Nxe4 dxe4 11. Qxd8 Raxd8 12. Nd2) 9... Nb4 $1 $15 10. a3 $2 (10. Nd3 $15) 10... Nxc2 $19 {[%emt 0:04:29] [#] Threatens to win with ...Na1.} 11. g4 $2 (11. Bd3 cxd4 12. exd4 Nxd4 13. Kb1) 11... Na1 {[%emt 0:00:25] Weighted Error Value: White=1.05/Black=0.09 (flawless)} 0-1